 Dungeon Crawl Stone Soup version 0.21.1-1-g345015f (webtiles) character file.

115 Fang the Skirmisher (level 5, -3/33 HPs)
             Began as a Gargoyle Berserker on June 5, 2018.
             Was a Believer of Trog.
             Killed from afar by an orc wizard (4 damage)
             ... with a magic dart
             ... on level 3 of the Dungeon.
             The game lasted 00:02:55 (1931 turns).

Fang the Skirmisher (Gargoyle Berserker)            Turns: 1931, Time: 00:02:56

Health: -3/33      AC:  6    Str: 21    XL:     5   Next: 0%
Magic:  10/14      EV: 12    Int:  8    God:    Trog [**....]
Gold:   54         SH:  0    Dex:  9    Spells: 4/4 levels left

rFire    . . .     SeeInvis .   a - +0 hand axe
rCold    . . .     Gourm    .   (no shield)
rNeg     + . .     Faith    .   b - +0 animal skin
rPois    ∞         Spirit   .   (no helmet)
rElec    +         Reflect  .   (no cloak)
rCorr    +         Harm     .   (no gloves)
MR       .....                  (no boots)
Stlth    +.........             (no amulet)
HPRegen  0.11/turn              e - ring of resist corrosion
MPRegen  0.14/turn              p - ring of magical power

@: berserk cooldown, slowed, very slow
A: negative energy resistance 1, electricity resistance, unbreathing,
petrification resistance, rot immunity, AC +4
a: Berserk, Trog's Hand, Burn Spellbooks, Renounce Religion


You were on level 3 of the Dungeon.
You worshipped Trog.
Trog was pleased with you.
You were very hungry.

You visited 1 branch of the dungeon, and saw 3 of its levels.

You collected 54 gold pieces.

Inventory:

Hand Weapons
 a - a +0 hand axe (weapon)
Armour
 b - a +0 animal skin (worn)
Jewellery
 e - a ring of resist corrosion (left hand)
 p - a ring of magical power (right hand)
Wands
 k - a wand of flame (37)
Scrolls
 d - 3 scrolls of identify {unknown}
 f - a scroll of remove curse {unknown}
 g - a scroll of enchant armour {unknown}
 m - a scroll of random uselessness {unknown}
 o - a scroll of teleportation {unknown}
Potions
 h - a potion of degeneration {unknown}
 i - 3 potions of curing {unknown}
 j - a potion of heal wounds {unknown}
 l - a potion of agility {unknown}
Comestibles
 c - 7 rations
 n - 2 chunks of flesh


   Skills:
 + Level 4.1 Fighting
 + Level 4.0 Axes
 + Level 2.3 Armour
 + Level 2.1 Dodging
 + Level 0.6 Stealth


You had 4 spell levels left.
You didn't know any spells.

Dungeon Overview and Level Annotations

Branches:
Dungeon (3/15)

Altars:


Innate Abilities, Weirdness & Mutations

You are resistant to torment.
Your stone body is resilient. (AC +4)
You are immune to poison.
You resist negative energy. (rN+)
You are resistant to electric shocks. (rElec)
You can survive without breathing.
You are immune to petrification.
You are immune to rotting.


Message History

Items here: ))) [[[ †† Unknown command.
The rat bites you.
Items here: ( ) [ † a chain mail; a falchion; 4 tomahawks; an orc corpse Unknown command.
The rat bites you but does no damage.
The orc wizard mumbles some strange words.
The orc wizard blinks!
The rat bites you but does no damage. The orc wizard casts a spell at you.
The magic dart hits you!
* * * LOW HITPOINT WARNING * * *
The rat bites you but does no damage.
Found 26 stones.
You hit the rat but do no damage. The rat bites you.
* * * LOW HITPOINT WARNING * * *
The orc wizard gestures at you while chanting.
The magic dart hits you!
You die...

.........#
.o.....#.#
(.....>#.##
..........#
..........#
..........#
..........#
.......@..#
.......r[†#
########)##
#(### #...#
#####.#
#.....#
#.###.######
#.#........#


You could see an orc wizard and a rat.

Vanquished Creatures
  An orc priest (D:3)
  3 adders
  An ooze (D:1)
  2 worms (D:2)
  2 dart slugs
  7 orcs (D:3)
  A giant cockroach (D:1)
  5 goblins
  5 hobgoblins
  3 kobolds
  A quokka (D:2)
  5 bats
  4 frilled lizards
  3 rats
43 creatures vanquished.

Notes
Turn   | Place    | Note
-------+----------+-------------------------------------------
     0 | D:1      | Fang the Gargoyle Berserker began the quest for the Orb.
     0 | D:1      | Reached XP level 1. HP: 14/14 MP: 1/1
   199 | D:1      | Reached XP level 2. HP: 14/19 MP: 2/2
   895 | D:2      | Reached XP level 3. HP: 24/24 MP: 3/3
  1013 | D:2      | Found a faded altar of an unknown god.
  1866 | D:3      | Reached XP level 4. HP: 27/29 MP: 4/4
  1919 | D:3      | Reached ** piety under Trog
  1926 | D:3      | Reached XP level 5. HP: 12/33 MP: 5/5
  1931 | D:3      | HP: 1/33 [rat (1)]
  1931 | D:3      | Killed from afar by an orc wizard

Skill      XL: |  1  2  3  4 |
---------------+-------------+-----
Axes           | 3 4 |  4.0
Fighting       | 4 |  4.1
Dodging        | 2 |  2.1
Armour         | |  2.3
Stealth        | |  0.6

Action                   |  1- 3 |  4- 6 || total
-------------------------+-------+-------++-------
Melee: Hand axe          |   107 |    25 ||   132
Invok: Berserk           |       |     1 ||     1
  Eat: Chunk             |     2 |     1 ||     3
Armor: Animal skin       |    33 |     9 ||    42
Dodge: Dodged            |    74 |     7 ||    81
